 Dungeon Crawl Stone Soup version 0.22.1-2-g9c5b331 (webtiles) character file.

7297 MalarOregon the Transmogrifier (level 11, -1/84 HPs)
             Began as a Merfolk Transmuter on Nov 13, 2018.
             Was a Believer of Nemelex Xobeh.
             Slain by a four-headed hydra (9 damage)
             ... on level 1 of the Lair of Beasts.
             The game lasted 00:35:40 (12770 turns).

MalarOregon the Transmogrifier (MfTm)              Turns: 12770, Time: 00:35:40

Health: -1/84      AC:  8    Str: 11    XL:     11   Next: 13%
Magic:  19/20      EV: 18    Int: 15    God:    Nemelex Xobeh [**....]
Gold:   219        SH:  0    Dex: 15    Spells: 2/23 levels left

rFire    + . .     SeeInvis .     - Unarmed
rCold    + + .     Gourm    +   (shield currently unavailable)
rNeg     . . .     Faith    .   s - +0 robe
rPois    .         Spirit   .   p - +2 hat
rElec    .         Reflect  .   n - scarf {rC+ rF+}
rCorr    +         Harm     .   (gloves currently unavailable)
MR       .....                  y - +3 pair of boots of Gestures {rCorr}
Stlth    ++........             M - amulet of the gourmand
HPRegen  0.24/turn              E - ring of stealth
MPRegen  0.17/turn              o - ring of protection from cold

@: blade hands (expiring), very slightly contaminated
A: change form in water, swift swim, stealthy swim
a: End Transformation, Renounce Religion


You were on level 1 of the Lair of Beasts.
You worshipped Nemelex Xobeh.
Nemelex Xobeh was pleased with you.
You were not hungry.
You had blades for hands.
You visited 3 branches of the dungeon, and saw 11 of its levels.
You also visited: Sewer.

You collected 594 gold pieces.
You spent 375 gold pieces at shops.

Inventory:

Hand Weapons
 b - a +3 blowgun
   (You took it off a kobold on level 3 of the Dungeon)
Missiles
 a - 178 arrows
 r - 3 throwing nets (quivered) {!f}
 x - 15 poisoned needles
Armour
 h - a +0 large shield
   (You found it on level 1 of the Dungeon)
 k - a +2 pair of gloves (melded)
   (You found it on level 8 of the Dungeon)
 n - a scarf of resistance (worn)
   (You found it on level 2 of the Dungeon)
 p - a +2 hat (worn)
   (You found it on level 3 of the Dungeon)
 s - a +0 robe (worn)
 v - a +0 helmet
   (You found it on level 5 of the Dungeon)
 y - the +3 pair of boots of Gestures (worn) {rCorr}
   (You found it on level 6 of the Dungeon)

   It provides partial protection from all sources of acid and corrosion.
 A - a +0 troll leather armour
   (You found it on level 9 of the Dungeon)
Jewellery
 o - a ring of protection from cold (right scythe-like blade)
   (You found it on level 9 of the Dungeon)
 E - a ring of stealth (left scythe-like blade)
   (You found it on level 9 of the Dungeon)
 M - an amulet of the gourmand (around neck)
   (You found it on level 8 of the Dungeon)
Wands
 u - a wand of paralysis (10)
   (You found it on level 6 of the Dungeon)
Scrolls
 c - 2 scrolls of teleportation {@r4}
 i - 2 scrolls of remove curse {@r2}
 j - 6 scrolls of identify {@r1}
 L - a scroll of holy word {unknown}
Potions
 d - 5 potions of curing {@q1}
 f - 3 potions of might
 g - 2 potions of ambrosia
 l - 2 potions of invisibility
 q - a potion of cancellation {unknown}
 t - 4 potions of magic
 z - 3 potions of mutation {unknown}
 B - a potion of degeneration {unknown}
 F - a potion of flight
 G - 2 potions of haste {@q3}
 H - 3 potions of brilliance
 J - 2 potions of lignification {unknown}
 K - a potion of agility {unknown}
Miscellaneous
 m - a plain deck of destruction
   (Nemelex Xobeh gifted it to you on level 9 of the Dungeon)
 D - a plain deck of destruction {drawn: 5}
   (Nemelex Xobeh gifted it to you on level 6 of the Dungeon)
 I - a plain deck of summoning {drawn: 1}
   (Nemelex Xobeh gifted it to you on level 7 of the Dungeon)
Comestibles
 e - 15 rations {!d}


   Skills:
 + Level 7.5 Fighting
 + Level 9.4 Dodging
 * Level 8.4 Unarmed Combat
 + Level 6.5 Spellcasting
 + Level 10.6 Transmutations
 + Level 4.0 Invocations
 + Level 3.6 Evocations


You had 2 spell levels left.
You knew the following spells:

 Your Spells              Type           Power        Failure   Level  Hunger
a - Blade Hands           Tmut           #####.....   32%         5    ######.
b - Confusing Touch       Hex            #.....       54%         1    None
c - Ice Form              Ice/Tmut       ###.....     56%         4    ####...
e - Petrify               Tmut/Erth      ###.....     56%         4    ####...
q - Passwall              Tmut/Erth      ###.....     22%         2    #......
s - Sticks to Snakes      Tmut           #####...     10%         2    #......
x - Spider Form           Tmut/Pois      ###.......   32%         3    ##.....

Your spell library contained the following spells:

 Spells                   Type           Power        Failure   Level  Hunger
 Beastly Appendage        Tmut           #####.       9%          1    None
 Corona                   Hex            #......      54%         1    None
 Sandblast                Erth           #.....       54%         1    None
 Ensorcelled Hibernation  Hex/Ice        #.....       65%         2    #......
 Confuse                  Hex            #.......     80%         3    ##.....
 Dazzling Spray           Conj/Hex       #.....       80%         3    ##.....
 Gell's Gravitas          Tloc           #.........   80%         3    ##.....
 Stone Arrow              Conj/Erth      #.....       80%         3    ##.....
 Tukima's Dance           Hex            #.......     80%         3    ##.....
 Yara's Violent Unravell  Hex/Tmut       ###.......   82%         5    ######.
 Lee's Rapid Deconstruct  Erth           #.........   100%        5    ######.
 Metabolic Englaciation   Hex/Ice        #.........   100%        5    ######.


Dungeon Overview and Level Annotations

Branches:
Dungeon (9/15)             Temple (1/1) D:6            Lair (1/6) D:9
    Orc: D:9-12

Altars:
Ashenzari
Cheibriados
Dithmenos
Elyvilon
Fedhas
Gozag
Hepliaklqana
Kikubaaqudgha
Makhleb
Nemelex Xobeh
Okawaru
Qazlal
Ru
Sif Muna
Trog
Uskayaw
Vehumet
Wu Jian
Xom
Yredelemnul
Zin
The Shining One

Shops:
D:7 !


Message History

All of the chunks of flesh in your inventory have rotted away.
You climb downwards.
Welcome to the Lair of Beasts!
A basilisk comes into view.
The basilisk hisses angrily.
There is a staircase back to the Dungeon here.
Your hands turn into razor-sharp scythe blades.
Your +2 pair of gloves melds into your body.
The basilisk gazes at you.
You are slowing down.
The basilisk bites you!!
Your limbs are stiffening.
You slice the basilisk!!
You hear a roar!
The basilisk bites you!
You have turned to stone.
A four-headed hydra comes into view.
The basilisk bites you. The basilisk bites you! x2
The basilisk bites you but does no damage.
The basilisk bites you. The basilisk gazes at you. You resist with some effort.
The basilisk bites you! The basilisk gazes at you. You resist with some effort.
The four-headed hydra bites you!
* * * LOW HITPOINT WARNING * * *
The four-headed hydra bites you but does no damage.
The four-headed hydra bites you!
* * * LOW HITPOINT WARNING * * *
The four-headed hydra bites you!
* * * LOW HITPOINT WARNING * * *
The basilisk bites you but does no damage.
The four-headed hydra bites you!
* * * LOW HITPOINT WARNING * * *
The four-headed hydra bites you!
* * * LOW HITPOINT WARNING * * *
The four-headed hydra bites you!
* * * LOW HITPOINT WARNING * * *
The four-headed hydra bites you!
* * * LOW HITPOINT WARNING * * *
You turn to flesh and can move again.
Unknown command.
Blink to where?
You are very lightly contaminated with residual magic.
As you read the scroll of blinking, it crumbles to dust.
The basilisk gazes at you. You resist with some effort.
Found a scroll of remove curse.
Your transformation is almost over.
The four-headed hydra bites you!
You die...
Your body glows slightly and disappears.

# ##..# ####..#
#....## #..#P#
#.####
######l###
#........##
#......D..#.##..
#..?....@.......
#.......####.##.
#.......# #
#P..##### ####


You could see a four-headed hydra and a basilisk.

Vanquished Creatures
  The ghost of Zanta616 the Ruffian, a novice NaTm of Cheibriados (D:5)
  A queen bee (D:8)
  A troll (D:9)
  A hornet (D:7)
  Grinder (D:3)
  A hippogriff (D:8)
  Sigmund (D:4)
  6 yaks (D:9)
  Eustachio (D:4)
  2 hungry ghosts
  2 steam dragons (D:9)
  Edmund (D:4)
  Duvessa (D:4)
  3 sky beasts
  3 orc warriors
  2 phantoms
  6 ogres
  A centaur (D:7)
  4 bullfrogs
  Dowan (D:4)
  2 wyvern skeletons
  A scorpion (D:4)
  15 killer bees
  3 wights (D:7)
  4 crimson imps
  A howler monkey (D:4)
  A bullfrog zombie (D:7)
  5 hounds
  3 quasits
  6 orc priests
  A centaur skeleton (D:7)
  6 orc wizards
  Crazy Yiuf (D:3)
  Jessica (D:3)
  2 iguanas
  Natasha (thrice) (D:3)
  2 worker ants
  4 hound zombies
  13 gnolls
  10 adders
  A river rat (D:6)
  2 shadow imps
  An ooze (D:1)
  2 adder zombies (D:6)
  2 adder skeletons
  2 worms
  4 dart slugs
  4 leopard geckos
  21 orcs
  6 ball pythons
  7 bats
  9 giant cockroaches
  7 goblins
  7 hobgoblins
  10 jackals (Sewer)
  3 quokkas
  5 frilled lizards
  A giant cockroach zombie (D:5)
  A goblin skeleton (D:4)
  A goblin zombie (D:4)
  2 hobgoblin zombies (D:4)
  A jackal skeleton (D:6)
  10 kobolds
  2 kobold skeletons (D:4)
  A kobold zombie (D:4)
  2 orc skeletons (D:4)
  2 orc zombies (D:4)
  11 rats
  5 plants (Sewer)
256 creatures vanquished.

Vanquished Creatures (collateral kills)
  A black bear (D:8)
  An orc priest (D:9)
  An orc (D:9)
3 creatures vanquished.

Grand Total: 259 creatures vanquished

Notes
Turn   | Place    | Note
-------+----------+-------------------------------------------
     0 | D:1      | MalarOregon the Merfolk Transmuter began the quest for the
                  | Orb.
     0 | D:1      | Reached XP level 1. HP: 15/15 MP: 3/3
   435 | D:1      | Reached XP level 2. HP: 21/21 MP: 3/5
   453 | D:1      | Reached skill level 3 in Transmutations
   463 | D:1      | Learned a level 2 spell: Sticks to Snakes
   903 | D:2      | Reached XP level 3. HP: 10/27 MP: 6/6
  1109 | D:2      | Learned a level 3 spell: Spider Form
  1563 | D:2      | Reached XP level 4. HP: 33/33 MP: 5/7
  1839 | D:2      | You fall through a shaft for 2 floors!
  1849 | D:4      | Noticed Sigmund
  1862 | D:4      | Killed Sigmund
  1862 | D:4      | Reached skill level 4 in Transmutations
  1862 | D:4      | Reached XP level 5. HP: 26/39 MP: 5/9
  1966 | D:4      | Noticed Edmund
  1984 | D:4      | Killed Edmund
  1984 | D:4      | Reached XP level 6. HP: 32/47 MP: 6/10
  2017 | D:4      | Learned a level 4 spell: Ice Form
  2050 | D:4      | Found a glowing golden altar of the Shining One.
  2101 | D:4      | Reached XP level 7. HP: 14/52 MP: 10/12
  2471 | D:3      | Reached skill level 5 in Transmutations
  2474 | D:3      | Reached skill level 5 in Dodging
  2639 | D:3      | Found a blossoming altar of Fedhas.
  2938 | D:3      | Noticed Grinder
  3045 | D:2      | Learned a level 1 spell: Confusing Touch
  3059 | D:3      | Killed Grinder
  3059 | D:3      | Reached skill level 5 in Unarmed Combat
  3152 | D:3      | Noticed Jessica
  3161 | D:3      | Killed Jessica
  3244 | D:3      | HP: 1/54 [gnoll/spear (6)]
  3642 | D:3      | Noticed Natasha
  3659 | D:3      | Killed Natasha
  3848 | D:3      | Noticed Natasha
  3856 | D:3      | Killed Natasha
  3891 | D:3      | Found a runed door.
  3930 | D:3      | Noticed Natasha
  3937 | D:3      | Killed Natasha
  3937 | D:3      | Reached XP level 8. HP: 60/60 MP: 9/14
  4184 | D:3      | Noticed Crazy Yiuf
  4189 | D:3      | Killed Crazy Yiuf
  4478 | D:4      | Noticed Eustachio
  4494 | D:4      | Killed Eustachio
  4494 | D:4      | Reached skill level 6 in Transmutations
  4505 | D:4      | Got a crude whip
  4614 | D:4      | Noticed Duvessa
  4616 | D:4      | Noticed Dowan
  4626 | D:4      | Killed Duvessa
  4632 | D:4      | Killed Dowan
  4939 | D:4      | Reached skill level 5 in Fighting
  5096 | D:4      | Learned a level 5 spell: Blade Hands
  5097 | D:5      | Entered Level 5 of the Dungeon
  5561 | D:5      | Found a white marble altar of Elyvilon.
  5671 | D:5      | Found a runed gate.
  5671 | D:5      | Found a runed gate.
  5672 | D:5      | Found a runed gate.
  5897 | D:5      | Noticed Zanta616's ghost (novice NaTm)
  5919 | D:5      | Killed Zanta616's ghost
  5919 | D:5      | Reached skill level 5 in Spellcasting
  5919 | D:5      | Reached skill level 7 in Transmutations
  5919 | D:5      | Reached XP level 9. HP: 47/69 MP: 12/16
  6188 | D:6      | Found a hazy altar of Hepliaklqana.
  6205 | D:6      | Found a stormy altar of Qazlal.
  6293 | D:6      | Got a pair of pitted boots
  6358 | D:6      | Found a glowing drain.
  6570 | Sewer    | Entered a sewer
  6979 | Sewer    | Reached skill level 8 in Transmutations
  7391 | D:6      | Found a staircase to the Ecumenical Temple.
  7404 | Temple   | Entered the Ecumenical Temple
  7430 | Temple   | Became a worshipper of Nemelex Xobeh the Trickster
  7471 | D:6      | Received a gift from Nemelex Xobeh
  7558 | D:7      | Found Jiynimaede's Distillery.
  7765 | D:7      | Bought a potion of flight for 45 gold pieces
  7765 | D:7      | Bought a potion of haste for 150 gold pieces
  7765 | D:7      | Bought a potion of brilliance for 60 gold pieces
  7765 | D:7      | Bought a potion of heal wounds for 75 gold pieces
  7765 | D:7      | Bought a potion of curing for 45 gold pieces
  7892 | D:7      | Reached skill level 1 in Invocations
  7911 | D:7      | Got a faintly glowing falchion {slice}
  8114 | D:7      | Identified the +3 pair of boots of Gestures {rCorr} (You
                  | found it on level 6 of the Dungeon)
  8114 | D:7      | Identified the +8 falchion of Resourcefulness {slice, rN+
                  | Str+3} (You took it off a wight on level 7 of the Dungeon)
  8145 | D:7      | Noticed a hornet
  8150 | D:7      | Paralysed by a hornet for 2 turns
  8152 | D:7      | Killed a hornet
  8152 | D:7      | Reached skill level 1 in Evocations
  8180 | D:7      | HP: 3/71 [poisoned by a hornet]
  8188 | D:7      | HP: 3/71 [poisoned by a hornet]
  8594 | D:7      | Received a gift from Nemelex Xobeh
  8597 | D:7      | Reached XP level 10. HP: 72/77 MP: 15/18
  8684 | D:7      | Learned a level 4 spell: Petrify
  8710 | D:7      | Reached skill level 9 in Transmutations
  9016 | D:7      | Reached * piety under Nemelex Xobeh
  9303 | D:8      | Found an iron altar of Okawaru.
  9584 | D:8      | Learned a level 2 spell: Passwall
  9772 | D:8      | Found a glowing silver altar of Zin.
  9948 | D:8      | Reached ** piety under Nemelex Xobeh
 11420 | D:9      | Reached skill level 10 in Transmutations
 11425 | D:9      | Received a gift from Nemelex Xobeh
 11955 | D:9      | Reached XP level 11. HP: 35/84 MP: 17/20
 12661 | D:9      | Found a staircase to the Lair.
 12678 | D:9      | Found a hide-covered altar of Uskayaw.
 12678 | D:9      | Noticed a hand axe
 12678 | D:9      | Noticed a hand axe
 12747 | Lair:1   | Entered Level 1 of the Lair of Beasts
 12751 | Lair:1   | Noticed a four-headed hydra
 12770 | Lair:1   | Slain by a four-headed hydra

Skill      XL: |  1  2  3  4  5  6  7  8  9 10 11 |
---------------+----------------------------------+-----
Dodging        | 3 4 5 7 8 9 |  9.4
Transmutations | 3 4 5 7 8 10 | 10.6
Fighting       | 2 3 4 5 6 7 |  7.5
Unarmed Combat | 4 5 6 7 8 |  8.4
Spellcasting   | 3 4 5 6 |  6.5
Invocations    | 1 3 4 |  4.0
Evocations     | 1 3 |  3.6

Action                   |  1- 3 |  4- 6 |  7- 9 | 10-12 || total
-------------------------+-------+-------+-------+-------++-------
Melee: Unarmed           |   124 |    68 |   441 |   182 ||   815
       Headbutt          |    10 |     9 |    15 |       ||    34
       Punch             |     1 |     1 |    11 |     3 ||    16
       Falchion          |       |       |     5 |    32 ||    37
       Tailslap          |       |       |     2 |       ||     2
 Cast: Beastly Appendage |    21 |    10 |    19 |       ||    50
       Spider Form       |       |     2 |    13 |     6 ||    21
       Confusing Touch   |       |       |     1 |       ||     1
       Ice Form          |       |       |     3 |     9 ||    12
       Blade Hands       |       |       |    26 |    20 ||    46
       Sticks to Snakes  |       |       |       |     4 ||     4
 Abil: End Transformatio |       |       |       |     1 ||     1
Evoke: Deck              |       |       |       |     6 ||     6
  Use: Potion            |     1 |     1 |       |     3 ||     5
       Scroll            |       |       |    10 |     7 ||    17
 Stab: Sleeping          |     1 |       |     4 |     1 ||     6
  Eat: Chunk             |     3 |     1 |    29 |    17 ||    50
       Ration            |       |       |     1 |     2 ||     3
Armor: Robe              |    27 |     4 |    32 |    30 ||    93
       Skin              |       |     1 |     9 |    33 ||    43
Dodge: Dodged            |   115 |    37 |   276 |   263 ||   691
       Rpst.: Falchion   |       |       |     1 |     9 ||    10
